 Dungeon Crawl Stone Soup version 0.31-a0-190-g4feb4907b2 (webtiles) character file.

Game seed: 12798937008463656410

189 qw the Skirmisher (level 5, -2/29 HPs)
             Began as a Deep Elf Hunter on June 23, 2023.
             Was an Initiate of Okawaru.
             Frozen to death by an endoplasm (5 damage)
             ... on level 4 of the Dungeon.
             The game lasted 00:01:02 (2516 turns).

qw the Skirmisher (Deep Elf Hunter)                 Turns: 2516, Time: 00:01:03

Health: -2/29      AC: 11    Str: 10    XL:     5   Next: 40%
Magic:  7/7        EV: 11    Int: 14    God:    Okawaru [......]
Gold:   147        SH:  0    Dex: 18    Spells: 4/4 levels left

rFire   . . .        Y - +1 shortbow
rCold   . . .        (shield currently unavailable)
rNeg    . . .        h - +0 ring mail
rPois   .            (no helmet)
rElec   .            a - +0 cloak
rCorr   +            l - +1 pair of gloves
SInv    .            g - +2 pair of boots
Will    .....        (no amulet)
Stlth   +            e - ring of resist corrosion
HPRegen 0.24/turn    (no ring)
MPRegen 0.10/turn

%: no passive effects
@: no status effects
A: no striking features
a: Renounce Religion


You were on level 4 of the Dungeon.
You worshipped Okawaru.
Okawaru was noncommittal.
You visited 2 branches of the dungeon, and saw 5 of its levels.

You collected 147 gold pieces.


   Skills:
 - Level 1.5 Fighting
 + Level 8.6 Ranged Weapons
 - Level 1.0 Armour
 - Level 2.4 Dodging
 - Level 1.2 Stealth


You had 4 spell levels left.
You didn't know any spells.
Your spell library was empty.

Inventory:

Hand Weapons
 Y - a +1 shortbow (weapon)
Armour
 a - a +0 cloak (worn)
 b - the +0 pair of gloves of the Unseen Realm {rF- rN+ Will+}
   (You acquired it on level 3 of the Dungeon)

   rF:        It makes you vulnerable to fire.
   rN:        It protects you from negative energy.
   Will:      It increases your willpower.
 g - a +2 pair of boots (worn)
 h - a +0 ring mail (worn)
 l - a +1 pair of gloves (worn)
Jewellery
 e - a ring of resist corrosion (left hand)
Scrolls
 j - a scroll of identify
Potions
 c - a potion of heal wounds {unknown}
 d - a potion of degeneration {unknown}
 f - a potion of attraction {unknown}
 i - a potion of magic {unknown}
 k - a potion of ambrosia {unknown}
 n - a potion of invisibility {unknown}
 o - a potion of resistance {unknown}

Dungeon Overview and Level Annotations

Branches:
Dungeon (4/15)             Temple (1/1) D:4

Altars:
Ashenzari
Dithmenos
Elyvilon
Fedhas
Gozag
Hepliaklqana
Kikubaaqudgha
Makhleb
Nemelex Xobeh
Okawaru
Qazlal
Ru
Sif Muna
Trog
Uskayaw
Wu Jian
Xom
Yredelemnul
Zin
The Shining One

Shops:
D:3 (


Message History

The orc barely misses you. x2; The orc priest barely misses you.
Something hits you but does no damage.
You shoot an arrow.
The arrow hits the orc priest but does no damage.
The orc priest is heavily wounded.
The endoplasm hits you but does no damage.
Something hits you but does no damage. The orc priest completely misses you.
The orc hits you but does no damage.
You shoot an arrow.
The arrow closely misses the orc priest.
The endoplasm freezes you.
You are frozen.
Something hits you. The orc priest barely misses you. The orc misses you.
You shoot an arrow. The arrow hits the orc priest.
The orc priest is almost dead.
The endoplasm barely misses you.
You hear some strange, mumbled words.
A puff of flame appears from out of thin air!
The puff of flame hits you but does no damage.
The orc hits you with a +0 club. The orc priest misses you.
You shoot an arrow.
The arrow hits the orc priest but does no damage.
The orc priest is almost dead.
The endoplasm hits you but does no damage.
Something hits you but does no damage.
The orc priest invokes the aid of Beogh against you.
Beogh smites you! The orc hits you with a +0 club.
You shoot an arrow. The arrow hits the orc priest.
You kill the orc priest!
Okawaru accepts your kill. The endoplasm completely misses you.
You hear some strange, mumbled words.
Something tries to affect you, but you resist.
The orc closely misses you.
The ball python bites you but does no damage.
The ball python closely misses you.
You shoot an arrow. The arrow barely misses the endoplasm.
The endoplasm freezes you.
You are frozen.
You die...

#.#####.# ### #.)....?#
..# ######./# #.#
#########.<# #.#
#......###.## ... #.#
#......# #... .... #.#
#......# #.##
....%##{####......###'##
.....)o@...............#
......SJ...............#
#####..................#
#..................#
#.................##
#.......####......##
#.......# #........
######### #......##
####....<...


You could see an orc, an endoplasm and a ball python.

Vanquished Creatures
  An orc priest (D:4)
  3 gnolls (D:4)
  7 adders
  2 worms
  A dart slug (D:2)
  An orc (D:4)
  7 endoplasms
  6 giant cockroaches
  2 goblins (D:2)
  4 hobgoblins
  2 quokkas (D:2)
  11 ball pythons
  4 bats
  4 frilled lizards
  3 kobolds
  3 rats (D:2)
61 creatures vanquished.

Notes
Turn   | Place    | Note
-------+----------+-------------------------------------------
     0 | D:1      | qw the Deep Elf Hunter began the quest for the Orb.
     0 | D:1      | Reached XP level 1. HP: 12/12 MP: 3/3
     0 | D:1      | 0 ||| qw: Version: 0.3-a-9-g12657ce
     0 | D:1      | 0 ||| qw: Game counter: 4509
     0 | D:1      | 0 ||| qw: Always use a shield: true
     0 | D:1      | 0 ||| qw: God list: Okawaru
     0 | D:1      | 0 ||| qw: Allow faded altars: false
     0 | D:1      | 0 ||| qw: Do Orc after D:15 true
     0 | D:1      | 0 ||| qw: Do second Lair branch before Depths: true
     0 | D:1      | 0 ||| qw: Lair rune preference: random
     0 | D:1      | 0 ||| qw: Plans: Normal
     0 | D:1      | 0 ||| PLANNING D:1-11
    81 | D:1      | Found a faded altar of an unknown god.
   552 | D:1      | 552 ||| UPGRADING to +2 pair of boots.
   557 | D:1      | 557 ||| UPGRADING to ring of resist corrosion.
   558 | D:1      | 558 ||| READING scroll labelled JETECI ZIODGH.
   559 | D:1      | 559 ||| READING scroll labelled HAWNUIROTE.
   560 | D:1      | 560 ||| DROPPING scroll of butterflies.
   589 | D:2      | Reached XP level 2. HP: 16/16 MP: 4/4
   596 | D:2      | Reached skill level 6 in Ranged Weapons
   797 | D:2      | Reached XP level 3. HP: 20/20 MP: 5/5
   867 | D:2      | Reached skill level 7 in Ranged Weapons
   938 | D:2      | Found a broken altar of Ashenzari.
  1192 | D:2      | HP: 5/20 [poisoned by an adder]
  1197 | D:2      | HP: 3/20 [constriction (1)]
  1201 | D:2      | Reached XP level 4. HP: 4/25 MP: 6/6
  1305 | D:2      | 1305 ||| UPGRADING to +0 cloak.
  1310 | D:2      | 1310 ||| UPGRADING to +0 ring mail.
  1320 | D:2      | 1320 ||| DROPPING +0 leather armour.
  1321 | D:2      | 1321 ||| UPGRADING to +0 pair of gloves.
  1326 | D:2      | 1326 ||| READING 2 scrolls labelled JOKUSTRA JITAT.
  1327 | D:2      | 1327 ||| READING scroll of enchant armour.
  1327 | D:2      | 1327 ||| ENCHANTING +0 pair of gloves.
  1328 | D:2      | 1328 ||| READING scroll labelled EMAID UHYAT.
  1329 | D:2      | 1329 ||| READING 2 scrolls labelled BESHRO ZEEBUCAEB.
  1330 | D:2      | 1330 ||| READING scroll labelled VAYLEBLA QEIVOIL.
  1331 | D:2      | 1331 ||| READING scroll labelled NAGISA JICWA.
  1332 | D:2      | 1332 ||| DROPPING scroll of fear.
  1500 | D:3      | Found Uxzoicomu's Weapon Emporium.
  1518 | D:3      | 1518 ||| SHOPLISTING +2 orcbow of flaming (219 gold, have
                  | 70).
  1518 | D:3      | 1518 ||| SHOPLISTING +3 antimagic orcbow (330 gold, have
                  | 70).
  2068 | D:3      | 2068 ||| READING scroll labelled HESTY CIDEQUI.
  2071 | D:3      | 2071 ||| READING scroll labelled JOC VUESEIFFUI.
  2071 | D:3      | Identified a scroll of acquirement
  2071 | D:3      | 2071 ||| ACQUIRING +0 pair of gloves of the Unseen Realm
                  | {rF- rN+ Will+}
  2071 | D:3      | Acquired the +0 pair of gloves of the Unseen Realm {rF- rN+
                  | Will+}
  2131 | D:4      | Reached skill level 8 in Ranged Weapons
  2219 | D:4      | Found a staircase to the Ecumenical Temple.
  2220 | D:4      | 2220 ||| PLANNING TEMPLE
  2231 | D:4      | Reached skill level 1 in Armour
  2271 | Temple   | Entered the Ecumenical Temple
  2271 | Temple   | Found a transporter.
  2271 | Temple   | Found a transporter.
  2273 | Temple   | Found a transporter.
  2273 | Temple   | Found a transporter.
  2283 | Temple   | 2283 ||| PLANNING D:1-11
  2286 | Temple   | 2286 ||| PLANNING OKAWARU WORSHIP
  2291 | Temple   | Became a worshipper of Warmaster Okawaru
  2292 | Temple   | 2292 ||| PLANNING D:1-11
  2372 | D:4      | Reached XP level 5. HP: 29/29 MP: 7/7
  2514 | D:4      | HP: 3/29 [orc priest/divine providence (14)]
  2516 | D:4      | Frozen to death by an endoplasm

Levels and vault maps discovered:
D:1:      ebering_trefoil_3fold, layout_loops_ring,
          chequers_ecumenical_altar_island
D:2:      layout_basic, basic_altar, chequers_hall_statues_corner_a,
          minmay_fractal_squares_gapless_5
D:3:      kennysheep_big_flooded_room, layout_basic, serial_shops,
          shop_fountains, wander_ebering_terrifying_dragon_lair
D:4:      kennysheep_kobold_camp, layout_basic,
          minmay_temple_entry_gardened_gates, hex_intersection
Temple:   hellmonk_temple_divided_pantheon

Skill      XL: |  1  2  3  4 |
---------------+-------------+-----
Ranged Weapons | 6 7 8 |  8.6
Armour         | 1 |  1.0
Fighting       | |  1.5
Dodging        | |  2.4
Stealth        | |  1.2

Action                     |  1- 3 |  4- 6 || total
---------------------------+-------+-------++-------
   Fire: Shortbow          |   117 |   101 ||   218
    Use: Scroll            |     2 |     8 ||    10
 Armour: Leather armour    |    19 |       ||    19
         Ring mail         |       |    27 ||    27
  Dodge: Dodged            |    32 |    39 ||    71

Table legend:
 A = Non-vault XP
 B = Vault XP
 C = Vault XP percentage of total XP
 D = Non-vault monster count
 E = Vault monster count
 F = Vault count percentage of total count
                 A         B        C        D         E       F
            +---------+---------+-------+---------+---------+-------
      Total |     257 |      13 |   4.8 |      53 |       8 |  13.1
            +---------+---------+-------+---------+---------+-------
        D:1 |      11 |       0 |   0.0 |       7 |       0 |   0.0
        D:2 |      80 |       9 |  10.1 |      25 |       5 |  16.7
        D:3 |      41 |       4 |   8.9 |       8 |       3 |  27.3
        D:4 |     125 |       0 |   0.0 |      13 |       0 |   0.0
            +---------+---------+-------+---------+---------+-------
